 Dungeon Crawl Stone Soup version 0.16-a0-3994-gbbee317 (webtiles) character file.

66126 MDvedh the Bludgeoner (level 15, -1/170 HPs)
             Began as an Ogre Hunter on Feb 13, 2015.
             Was a High Priest of Okawaru.
             Slain by Saint Roka
             ... wielding a +2 great sword of slicing
              (7 damage)
             ... on level 4 of the Orcish Mines.
             The game lasted 01:28:33 (31169 turns).

MDvedh the Bludgeoner (Ogre Hunter)                Turns: 31169, Time: 01:28:34

Health: -1/170     AC: 14    Str: 21      XL:     15   Next: 18%
Magic:  20/25      EV: 33    Int: 17      God:    Okawaru [*****.]
Gold:   1452       SH:  0    Dex: 19 (20) Spells: 1 memorised, 13 levels left

rFire  . . .     SeeInvis .     E - +1 morningstar (protect)
rCold  . . .     Clarity  .     m - +0 troll leather armour
rNeg   + . .     SustAb   .     (shield restricted)
rPois  +         Gourm    .     a - +2 hat {Int+3}
rElec  +         Spirit   .     i - +0 cloak
rCorr  .         Warding  +     (gloves unavailable)
rMut   .         Stasis   .     (boots unavailable)
MR     +....                    g - amulet of warding
Stlth  ++++......               X - +6 ring of evasion
                                O - ring "Thesowk" {rElec rPois+ Int+4}

@: agile, heroism, finesse, somewhat resistant to hostile enchantments, stealthy
A: unfitting armour, deterioration 1, spit poison 2, tough skin 1
a: Spit Poison, Heroism, Finesse, Renounce Religion


You were on level 4 of the Orcish Mines.
You worshipped Okawaru.
Okawaru was extremely pleased with you.
You were hungry.

You visited 4 branches of the dungeon, and saw 24 of its levels.
You visited the Abyss 1 time.

You collected 2084 gold pieces.
You spent 632 gold pieces at shops.

Inventory:

Hand weapons
 k - a +0 giant spiked club
 E - a +1 morningstar of protection (weapon)
Missiles
 n - 10 large rocks (quivered)
Armour
 a - a +2 hat of intelligence (worn)
 i - a +0 cloak (worn)
 m - a +0 troll leather armour (worn)
Rods
 z - a +2 lightning rod (9/9)
   (You found it on level 8 of the Lair of Beasts)
Jewellery
 b - an uncursed ring of protection from fire
 g - an amulet of warding (around neck)
 D - an uncursed ring of ice
 O - the ring "Thesowk" (left hand) {rElec rPois+ Int+4}
   (You bought it in a shop on level 4 of the Dungeon)

   [ring of intelligence]

   It affects your intelligence (+4).
   It insulates you from electricity.
   It protects you from poison.
 W - an uncursed ring of see invisible
 X - a +6 ring of evasion (right hand)
Magical devices
 j - a wand of frost (31)
 v - a wand of frost (7)
 y - a wand of random effects (24)
 C - a wand of frost (10)
 R - a wand of teleportation (1)
 T - a wand of heal wounds (5)
Scrolls
 c - 5 scrolls of identify
 e - 4 scrolls of teleportation
 l - 3 scrolls of amnesia
 q - 2 scrolls of enchant weapon
 A - 9 scrolls of remove curse
 B - 5 scrolls of fear
 H - 4 scrolls of enchant armour
 J - 5 scrolls of fog
 M - a scroll of holy word
 U - 3 scrolls of recharging
 V - 2 scrolls of magic mapping
Potions
 h - 3 potions of magic
 o - 2 potions of resistance
 r - 9 potions of curing
 t - 2 potions of cure mutation
 K - 4 potions of restore abilities
 N - a potion of cancellation
 S - 2 potions of haste
Books
 s - a book of the Sky

   Spells                             Type                      Level
   a - Flight                         Charms/Air                   3
   b - Airstrike                      Air                          4
   c - Silence                        Hexes/Air                    5
   d - Deflect Missiles               Charms/Air                   6
   e - Conjure Ball Lightning         Conjuration/Air              6
   f - Tornado                        Air                          9
Comestibles
 f - a meat ration
 p - 13 bread rations
 u - 2 slices of pizza
 w - 22 fruits
 Q - 6 royal jellies


   Skills:
 + Level 16.1(21.1) Fighting
 + Level 19.0(24.0) Maces & Flails
 + Level 11.9(16.9) Throwing
 + Level 11.1(16.1) Dodging
 - Level 0.7(5.7) Stealth
 - Level 7.2 Invocations


You had 13 spell levels left.
You knew the following spells:

 Your Spells              Type           Power        Failure   Level  Hunger
a - Apportation           Tloc           #.........   28%         1    ##.....


Dungeon Overview and Level Annotations

Branches:
Dungeon (11/15)            Temple (1/1) D:6            Lair (8/8) D:11
 Shoals (0/5) Lair:3        Snake (0/5) Lair:3        Slime (0/6) Lair:7
    Orc (4/4) D:10
    Elf: Orc:3-4

Altars:
Ashenzari
Cheibriados
Dithmenos
Elyvilon
Fedhas
Gozag
Kikubaaqudgha
Makhleb
Nemelex Xobeh
Okawaru
Qazlal
Ru
Sif Muna
Trog
Vehumet
Xom
Yredelemnul
Zin
The Shining One
Jiyva

Shops:
D:4 =   D:9 *   Orc:1 !   Orc:2 ?

Annotations:
D:4 2 runed doors
D:6 1 exclusion
Orc:4 Saint Roka


Innate Abilities, Weirdness & Mutations

You are too large for most types of armour.
You have tough skin (AC +1).
Your body is slowly deteriorating.
You can spit moderately strong poison.


Message History

* * * LOW HITPOINT WARNING * * *
The orc closely misses you. The orc warrior completely misses you.
Saint Roka calls down the wrath of Beogh upon you.
Something smites you!
* * * LOW HITPOINT WARNING * * *
Unknown command.
Drink which item? (? for menu, Esc to quit)
Okay, then.
Evoke which item? (* to show all) (? for menu, Esc to quit)
Okay, then.
Read which item? (? for menu, Esc to quit)
Identify which item? (\ to view known items) (? for menu, Esc to quit)
As you read the scroll of identify, it crumbles to dust.
T - a wand of heal wounds (5)
The orc warrior completely misses you. x2
The orc misses you.
Saint Roka roars a battlecry!
Saint Roka hits you with a great sword of slicing!!
* * * LOW HITPOINT WARNING * * *
You die...

#..... .. ##......
..<# ##........
.....# .........#
.......##........#
.......#.......##
.....oOo........#
......ooo.......#
##...oo@o..(.######.
#....oo............
#......o....######..
............#
............#
...........######.
..................
..##.##.......... ##
#.........#.


You could see Saint Roka, 4 orc warriors, an ogre and 6 orcs.

Vanquished Creatures
  A dire elephant (Lair:8)
  Snorg (Orc:1)
  Fannar (D:11)
  10 hydras
  A deep troll shaman (Lair:8)
  18 death yaks
  A catoblepas (Lair:8)
  The ghost of inmateoo the Covert, an experienced SpAs of Ashenzari (D:11)
  A manticore (D:11)
  3 griffons
  17 elephants
  A worldbinder (Orc:1)
  A large abomination (Orc:1)
  3 black mambas
  6 spiny frogs
  A gargoyle (D:10)
  Psyche (Orc:1)
  A queen ant (Lair:5)
  17 komodo dragons
  3 fire drakes
  3 polar bears (Lair:8)
  2 trolls
  3 basilisks
  2 boulder beetles (Lair:8)
  9 blink frogs
  A trapdoor spider zombie (D:11)
  2 trapdoor spiders (D:10)
  A deep elf mage (D:10)
  2 hungry ghosts
  26 yaks
  13 wolves
  6 hippogriffs
  A steam dragon (D:8)
  Edmund (D:6)
  13 soldier ants (Lair:5)
  17 water moccasins
  3 black bears
  3 wargs
  17 orc warriors
  4 porcupines
  A sky beast (D:11)
  A phantom (D:4)
  8 ice beasts
  A boring beetle (Lair:6)
  2 necrophages
  A wasp (D:4)
  An eye of draining (D:9)
  10 crocodiles
  6 centaurs
  Sigmund (D:2)
  13 ogres
  A wyvern zombie (D:8)
  3 big kobolds
  24 giant frogs
  A gnoll sergeant (D:7)
  A small abomination (Orc:1)
  5 scorpions
  4 wights (D:10)
  A centaur zombie (D:8)
  3 goliath beetles
  14 orc priests
  2 centaur skeletons
  4 electric eels
  7 crimson imps
  4 hounds
  4 jellies
  2 giant frog skeletons (D:11)
  A quasit (D:6)
  A giant frog zombie (D:9)
  A gnoll shaman (D:9)
  22 orc wizards
  48 worker ants
  13 iguanas
  A killer bee zombie (D:10)
  19 sheep
  Ijyb (D:3)
  A hound zombie (D:6)
  A hound skeleton (D:4)
  A worker ant zombie (D:7)
  19 gnolls
  32 river rats
  18 adders
  4 shadow imps
  2 giant mites
  4 worms
  2 adder skeletons
  An adder zombie (D:8)
  7 giant geckos
  5 oozes (D:8)
  123 orcs
  A bat zombie (D:8)
  10 giant cockroaches
  16 goblins
  19 hobgoblins
  12 quokkas
  A ball python (D:1)
  11 bats
  A giant gecko skeleton (D:4)
  6 giant newts
  3 giant spores
  A jackal skeleton (D:6)
  28 kobolds
  2 orc zombies (D:6)
  A quokka skeleton (D:5)
  53 rats
  5 ballistomycetes
  6 plants
846 creatures vanquished.

Vanquished Creatures (collateral kills)
  A giant frog (D:10)
1 creature vanquished.

Vanquished Creatures (others)
  An ogre (D:7)
  A bat (D:10)
  3 fungi
  A plant (Lair:8)
6 creatures vanquished.

Grand Total: 853 creatures vanquished

Notes
Turn   | Place    | Note
--------------------------------------------------------------
     0 | D:1      | MDvedh, the Ogre Hunter, began the quest for the Orb.
     0 | D:1      | Reached XP level 1. HP: 22/22 MP: 1/1
   200 | D:1      | Reached XP level 2. HP: 25/29 MP: 2/2
   262 | D:1      | Reached skill level 1 in Maces & Flails
   562 | D:1      | Reached skill level 5 in Throwing
  1087 | D:2      | Reached XP level 3. HP: 18/36 MP: 3/3
  1261 | D:2      | Found a glowing golden altar of the Shining One.
  1472 | D:2      | Noticed Sigmund
  1486 | D:2      | Killed Sigmund
  1486 | D:2      | Reached XP level 4. HP: 44/44 MP: 4/4
  1558 | D:2      | Reached XP level 5. HP: 47/50 MP: 5/5
  1669 | D:2      | Reached skill level 6 in Throwing
  2582 | D:3      | Found a radiant altar of Vehumet.
  2672 | D:3      | Found a shimmering altar of Xom.
  2672 | D:3      | Found a shimmering altar of Xom.
  2672 | D:3      | Found a shimmering altar of Xom.
  2749 | D:3      | Noticed Ijyb
  2754 | D:3      | Killed Ijyb
  2937 | D:3      | Reached skill level 5 in Maces & Flails
  2937 | D:3      | Reached XP level 6. HP: 40/59 MP: 6/6
  3144 | D:3      | Found a shimmering altar of Xom.
  3494 | D:4      | Found Mniptool's Jewellery Emporium.
  3575 | D:4      | Reached skill level 7 in Throwing
  3609 | D:4      | Found a large runed door.
  3612 | D:4      | Found a large runed door.
  3639 | D:4      | Reached XP level 7. HP: 56/67 MP: 7/7
  3688 | D:4      | Found a large runed door.
  3688 | D:4      | Found a large runed door.
  4199 | D:5      | Entered Level 5 of the Dungeon
  4222 | D:5      | Reached skill level 8 in Maces & Flails
  4779 | D:5      | Reached XP level 8. HP: 77/79 MP: 8/8
  4790 | D:5      | Reached skill level 5 in Fighting
  4922 | D:5      | Reached skill level 9 in Maces & Flails
  5264 | D:5      | Found a glowing silver altar of Zin.
  5314 | D:5      | HP: 4/83 [ogre/giant spiked club (23)]
  5345 | D:5      | HP: 3/83 [ogre/giant spiked club (12)]
  5958 | D:6      | Reached skill level 10 in Maces & Flails
  6100 | D:6      | Found a staircase to the Ecumenical Temple.
  6107 | Temple   | Entered the Ecumenical Temple
  6133 | Temple   | Became a worshipper of Warmaster Okawaru
  6172 | D:6      | Found an opulent altar of Gozag.
  6251 | D:6      | Reached skill level 11 in Maces & Flails
  6251 | D:6      | Reached XP level 9. HP: 53/93 MP: 9/9
  6426 | D:6      | Noticed a moth of wrath
  6838 | D:6      | Acquired Okawaru's first power
  7192 | D:6      | Reached skill level 12 in Maces & Flails
  7232 | D:6      | Found a basalt altar of Yredelemnul.
  7284 | D:6      | Noticed Edmund
  7602 | D:6      | Killed Edmund
  8438 | D:7      | Found a shattered altar of Ashenzari.
  8746 | D:7      | Reached skill level 13 in Maces & Flails
  9081 | D:8      | Reached XP level 10. HP: 101/106 MP: 10/10
  9324 | D:8      | Found a shadowy altar of Dithmenos.
  9856 | D:8      | Found a stormy altar of Qazlal.
 10267 | D:8      | Found a bloodstained altar of Trog.
 10803 | D:9      | Found Onyav's Assorted Antiques.
 10885 | D:9      | Reached skill level 14 in Maces & Flails
 10998 | D:9      | Received a gift from Okawaru
 11543 | D:9      | Reached skill level 10 in Fighting
 12039 | D:9      | Found a deep blue altar of Sif Muna.
 12157 | D:10     | Entered Level 10 of the Dungeon
 12222 | D:10     | Reached skill level 1 in Invocations
 12275 | D:10     | Noticed a four-headed hydra
 12290 | D:10     | Killed a four-headed hydra
 12290 | D:10     | Reached skill level 5 in Dodging
 12290 | D:10     | Reached XP level 11. HP: 65/119 MP: 10/14
 12532 | D:10     | Learned a level 1 spell: Apportation
 12579 | D:10     | Received a gift from Okawaru
 12611 | D:10     | Reached skill level 15 in Maces & Flails
 13223 | D:10     | Found a staircase to the Orcish Mines.
 13716 | D:10     | Found a glowing silver altar of Zin.
 13847 | D:10     | Received a gift from Okawaru
 14318 | D:11     | Noticed inmateoo's ghost (experienced SpAs)
 14338 | D:11     | Killed inmateoo's ghost
 14737 | D:11     | Reached skill level 5 in Invocations
 15318 | D:11     | Noticed Fannar
 15676 | D:11     | Killed Fannar
 15721 | D:11     | Found a staircase to the Lair.
 15869 | D:11     | Received a gift from Okawaru
 16044 | D:11     | Reached XP level 12. HP: 132/132 MP: 21/21
 16433 | D:4      | Bought the ring "Thesowk" {rElec rPois+ Int+4} for 632 gold pieces
 16799 | Lair:1   | Entered Level 1 of the Lair of Beasts
 16872 | Lair:1   | Noticed a five-headed hydra
 16877 | Lair:1   | Killed a five-headed hydra
 16877 | Lair:1   | Reached skill level 16 in Maces & Flails
 17270 | Lair:1   | Noticed a four-headed hydra
 17275 | Lair:1   | Killed a four-headed hydra
 17484 | Lair:1   | Received a gift from Okawaru
 17736 | Lair:2   | Noticed an eight-headed hydra
 17739 | Lair:2   | Killed an eight-headed hydra
 18078 | Lair:2   | Acquired Okawaru's second power
 18163 | Lair:2   | Gained mutation: You can spit poison. [potion of mutation]
 18163 | Lair:2   | Gained mutation: Your body is slowly deteriorating. [potion of mutation]
 18163 | Lair:2   | Gained mutation: You can spit moderately strong poison. [potion of mutation]
 18848 | Lair:3   | Found a staircase to the Snake Pit.
 18879 | Lair:3   | Received a gift from Okawaru
 19097 | Lair:3   | Received a gift from Okawaru
 19105 | Lair:3   | Got a shimmering great mace {god gift}
 19106 | Lair:3   | Identified the +4 great mace "Sugun" {flame, +Blink +Rage MP+9} (Okawaru gifted it to you on level 3 of the Lair of Beasts)
 19347 | Lair:3   | Found a staircase to the Shoals.
 19491 | Lair:3   | Noticed a six-headed hydra
 19521 | Lair:3   | Reached XP level 13. HP: 144/144 MP: 19/24
 19526 | Lair:3   | Killed a six-headed hydra
 19594 | Lair:3   | Received a gift from Okawaru
 20139 | Lair:4   | Reached skill level 17 in Maces & Flails
 20292 | Lair:4   | Received a gift from Okawaru
 22681 | Lair:5   | Received a gift from Okawaru
 23189 | Lair:5   | Received a gift from Okawaru
 23189 | Lair:5   | Reached XP level 14. HP: 83/157 MP: 21/25
 23728 | Lair:6   | Reached skill level 10 in Throwing
 23757 | Lair:6   | Reached skill level 18 in Maces & Flails
 23783 | Lair:6   | Found a labyrinth entrance.
 23864 | Lair:6   | Reached skill level 10 in Dodging
 24788 | Lair:7   | Reached skill level 15 in Fighting
 25152 | Lair:7   | Found a staircase to the Slime Pits.
 25153 | Lair:7   | Found a viscous altar of Jiyva.
 25469 | Lair:8   | Entered Level 8 of the Lair of Beasts
 27793 | Lair:8   | HP: 8/161 [death yak (25)]
 28503 | Lair:8   | Received a gift from Okawaru
 28628 | Lair:8   | Reached XP level 15. HP: 160/169 MP: 24/25
 29280 | Orc:1    | Entered Level 1 of the Orcish Mines
 29281 | Orc:1    | Found Lihoiruv's Distillery.
 29287 | Orc:1    | Noticed Psyche
 29291 | Orc:1    | Cast into the Abyss (Psyche)
 29358 | Orc:1    | Escaped the Abyss
 29532 | Orc:1    | Killed Psyche
 29550 | Orc:1    | Noticed Snorg
 29573 | Orc:1    | Killed Snorg
 29598 | Orc:1    | Reached skill level 19 in Maces & Flails
 30132 | Orc:1    | Found an iron altar of Okawaru.
 30314 | Orc:2    | Found Taer Kea's Magic Scroll Shop.
 30389 | Orc:3    | Found an iron altar of Okawaru.
 31117 | Orc:4    | Entered Level 4 of the Orcish Mines
 31133 | Orc:4    | Noticed Saint Roka
 31169 | Orc:4    | HP: 6/170 [Saint Roka/great sword of slicing (19)]
 31169 | Orc:4    | Slain by Saint Roka

Action                   |  1- 3 |  4- 6 |  7- 9 | 10-12 | 13-15 || total
-------------------------+-------+-------+-------+-------+-------++-------
Melee: Short sword       |    19 |       |       |       |       ||    19
       Club              |    73 |       |       |       |       ||    73
       Mace              |     6 |   193 |       |       |       ||   199
       Unarmed           |     1 |       |       |       |       ||     1
       Flail             |       |    18 |   509 |  1022 |  1551 ||  3100
       Great mace        |       |       |       |     1 |       ||     1
       Morningstar       |       |       |       |       |    79 ||    79
Throw: Large rock        |    15 |    10 |    26 |    73 |   115 ||   239
       Throwing net      |     1 |     3 |     3 |     2 |       ||     9
Invok: Heroism           |       |       |     3 |    25 |    27 ||    55
       Finesse           |       |       |       |     1 |     3 ||     4
 Abil: Spit Poison       |       |       |       |     1 |       ||     1
Evoke: Wand              |       |     3 |     1 |     6 |     1 ||    11
  Use: Scroll            |       |     9 |     8 |    15 |    12 ||    44
       Potion            |       |       |     1 |     1 |     5 ||     7
 Stab: Held in net/web   |       |     2 |     3 |     1 |       ||     6
       Sleeping          |       |       |     1 |     4 |     2 ||     7
       Distracted        |       |       |       |     2 |       ||     2
       Petrifying        |       |       |       |       |     5 ||     5
       Petrified         |       |       |       |       |     2 ||     2
  Eat: Chunk             |     1 |     8 |     8 |    23 |    18 ||    58
       Meat ration       |       |       |     1 |     2 |     3 ||     6
       Fruit             |       |       |     2 |       |     1 ||     3
       Beef jerky        |       |       |     1 |       |     2 ||     3
       Pizza             |       |       |     1 |       |       ||     1
       Royal jelly       |       |       |       |     2 |     2 ||     4
